| TOP OF THE 1ST |
|
Detroit Tigers batting - Pitching for Toronto Blue Jays : RHP Matt Altieri
|
|
Pitching: RHP Matt Altieri
|
|
|
Batting: RHB Rich Stinson
|
0-0: Ball 1-0: Ball 2-0: Ball 3-0: Base on Balls
|
|
Batting: SHB Adam Weber
|
0-0: Fly out, F9 (Flyball, 9S, EV 93.8 MPH)
|
|
Batting: LHB Frank McConnell
|
0-0: Ball 1-0: Ball 2-0: Called Strike 2-1: Hit by Pitch Rich Stinson to second
|
|
Batting: LHB Tyler Davis
|
0-0: Called Strike 0-1: Ball 1-1: Foul Ball, location: 2F 1-2: Strikes out swinging
|
|
Batting: RHB Chris Wheatley
|
0-0: Called Strike 0-1: Swinging Strike 0-2: Ball 1-2: Foul Ball, location: 2F 1-2: Strikes out swinging
|
| Top of the 1st over - 0 runs, 0 hits, 0 errors, 2 left on base; Detroit 0 - Toronto 0 |
| BOTTOM OF THE 1ST |
|
Toronto Blue Jays batting - Pitching for Detroit Tigers : RHP Eric Putnam
|
|
Pitching: RHP Eric Putnam
|
|
|
Batting: RHB Donny Burnside
|
0-0: Ball 1-0: Ball 2-0: Ball 3-0: Called Strike 3-1: Called Strike 3-2: Ground out 1-3 (Groundball, 13S, EV 60.6 MPH)
|
|
Batting: RHB Danny Burnside
|
0-0: Ball 1-0: Foul Ball, location: 2F 1-1: Ground out 5-3 (Groundball, 15, EV 89.4 MPH)
|
|
Batting: SHB Zory Larikov
|
0-0: Ball 1-0: Foul Ball, location: 2F 1-1: Swinging Strike 1-2: Ball 2-2: Ball 3-2: Strikes out swinging
|
| Bottom of the 1st over - 0 runs, 0 hits, 0 errors, 0 left on base; Detroit 0 - Toronto 0 |
| TOP OF THE 2ND |
|
Detroit Tigers batting - Pitching for Toronto Blue Jays : RHP Matt Altieri
|
|
Batting: SHB Ross Holland
|
0-0: Ball 1-0: Called Strike 1-1: Ball 2-1: Ball 3-1: Ground out 5-3 (Groundball, 5S, EV 73.8 MPH)
|
|
Batting: LHB Conrad Taylor
|
0-0: Foul Ball, location: 2F 0-1: Swinging Strike 0-2: SINGLE (Flyball, 89S, EV 86.9 MPH)
|
|
Batting: RHB Adrian Novakovic
|
0-0: Ball 1-0: Ball 2-0: Ball 3-0: Base on Balls Conrad Taylor to second
|
|
Batting: RHB Dan Friess
|
0-0: Ball 1-0: Called Strike 1-1: Grounds into double play, 4-6-3 (Groundball, 4, EV 106.2 MPH)
|
| Top of the 2nd over - 0 runs, 1 hit, 0 errors, 1 left on base; Detroit 0 - Toronto 0 |
| BOTTOM OF THE 2ND |
|
Toronto Blue Jays batting - Pitching for Detroit Tigers : RHP Eric Putnam
|
|
Batting: LHB Willis Robles
|
0-0: Ball 1-0: Swinging Strike 1-1: Ball 2-1: Foul Ball, location: 2F 2-2: Foul Ball, location: 2F 2-2: Ball 3-2: Base on Balls
|
|
Batting: SHB Mark Rennie
|
0-0: Called Strike 0-1: Called Strike 0-2: Ball 1-2: Ball 2-2: Fly out, F8 (Flyball, 8RD, EV 102.5 MPH)
|
|
Batting: LHB Nate Dean
|
0-0: Ball Willis Robles is caught stealing 2nd base 2-6 1-0: Foul Ball, location: 2F 1-1: Swinging Strike 1-2: Strikes out swinging
|
| Bottom of the 2nd over - 0 runs, 0 hits, 0 errors, 0 left on base; Detroit 0 - Toronto 0 |
| TOP OF THE 3RD |
|
Detroit Tigers batting - Pitching for Toronto Blue Jays : RHP Matt Altieri
|
|
Batting: RHB Rich Stinson
|
0-0: Called Strike 0-1: Ball 1-1: Ball 2-1: Foul Ball, location: 2F 2-2: Ball 3-2: Strikes out swinging
|
|
Batting: SHB Adam Weber
|
0-0: Ball 1-0: Foul Ball, location: 2F 1-1: Swinging Strike 1-2: Foul Ball, location: 2F 1-2: Ball 2-2: Ball 3-2: Foul Ball, location: 2F 3-2: Base on Balls
|
|
Batting: LHB Frank McConnell
|
0-0: Called Strike 0-1: Called Strike Adam Weber steals 2nd base 0-2: Ball 1-2: Ball 2-2: Ground out 4-3 (Groundball, 4, EV 85.0 MPH) Adam Weber to third
|
|
Batting: LHB Tyler Davis
|
0-0: Called Strike 0-1: Ball 1-1: Fly out, F7 (Flyball, 78S, EV 78.1 MPH)
|
| Top of the 3rd over - 0 runs, 0 hits, 0 errors, 1 left on base; Detroit 0 - Toronto 0 |
| BOTTOM OF THE 3RD |
|
Toronto Blue Jays batting - Pitching for Detroit Tigers : RHP Eric Putnam
|
|
Batting: LHB Michael Byrd
|
0-0: Ball 1-0: Swinging Strike 1-1: Ball 2-1: Fly out, F9 (Flyball, 9D, EV 81.9 MPH)
|
|
Batting: RHB Kirk Arp
|
0-0: Foul Ball, location: 2F 0-1: Hit by Pitch
|
|
Batting: LHB Jon Schick
|
0-0: Called Strike Kirk Arp steals 2nd base 0-1: Ball Kirk Arp steals 3rd base 1-1: Ground out U3 (Groundball, 34S, EV 81.9 MPH) Kirk Arp scores
|
|
Batting: RHB Donny Burnside
|
0-0: Ball 1-0: Foul Ball, location: 2F 1-1: Fly out, F9 (Line Drive, 9S, EV 91.2 MPH)
|
| Bottom of the 3rd over - 1 run, 0 hits, 0 errors, 0 left on base; Detroit 0 - Toronto 1 |
| TOP OF THE 4TH |
|
Detroit Tigers batting - Pitching for Toronto Blue Jays : RHP Matt Altieri
|
|
Batting: RHB Chris Wheatley
|
0-0: Foul Ball, location: 2F 0-1: Called Strike 0-2: DOUBLE (Flyball, 7LD, EV 103.1 MPH)
|
|
Batting: SHB Ross Holland
|
0-0: Foul Ball, location: 2F 0-1: Swinging Strike 0-2: Strikes out swinging
|
|
Batting: LHB Conrad Taylor
|
0-0: Called Strike 0-1: Ball 1-1: Foul Ball, location: 2F 1-2: Ball 2-2: Foul Ball, location: 2F 2-2: Foul Ball, location: 2F 2-2: Foul Ball, location: 2F 2-2: Ball 3-2: Strikes out swinging
|
|
Batting: RHB Adrian Novakovic
|
0-0: Called Strike 0-1: Ball 1-1: Called Strike 1-2: Ball 2-2: Foul Ball, location: 2F 2-2: Ball 3-2: Strikes out swinging, 2-3 out at first.
|
| Top of the 4th over - 0 runs, 1 hit, 0 errors, 1 left on base; Detroit 0 - Toronto 1 |
| BOTTOM OF THE 4TH |
|
Toronto Blue Jays batting - Pitching for Detroit Tigers : RHP Eric Putnam
|
|
Batting: RHB Danny Burnside
|
0-0: Called Strike 0-1: Ball 1-1: Fly out, F9 (Flyball, 9LS, EV 86.9 MPH)
|
|
Batting: SHB Zory Larikov
|
0-0: Called Strike 0-1: SINGLE (Groundball, 5S, EV 68.8 MPH) (infield hit)
|
|
Batting: LHB Willis Robles
|
0-0: Called Strike 0-1: Swinging Strike 0-2: Ball 1-2: Ball Zory Larikov steals 2nd base 2-2: Strikes out looking
|
|
Batting: SHB Mark Rennie
|
0-0: Ball 1-0: Called Strike 1-1: Swinging Strike 1-2: Ball 2-2: Strikes out looking
|
| Bottom of the 4th over - 0 runs, 1 hit, 0 errors, 1 left on base; Detroit 0 - Toronto 1 |
| TOP OF THE 5TH |
|
Detroit Tigers batting - Pitching for Toronto Blue Jays : RHP Matt Altieri
|
|
Batting: RHB Dan Friess
|
0-0: Ball 1-0: Called Strike 1-1: Foul Ball, location: 2F 1-2: Strikes out swinging
|
|
Batting: RHB Rich Stinson
|
0-0: Ground out 3-1 (Groundball, 34, EV 103.8 MPH)
|
|
Batting: SHB Adam Weber
|
0-0: Foul Ball, location: 2F 0-1: Foul Ball, location: 2F 0-2: Ball 1-2: Foul Ball, location: 2F 1-2: Strikes out looking
|
| Top of the 5th over - 0 runs, 0 hits, 0 errors, 0 left on base; Detroit 0 - Toronto 1 |
| BOTTOM OF THE 5TH |
|
Toronto Blue Jays batting - Pitching for Detroit Tigers : RHP Eric Putnam
|
|
Batting: LHB Nate Dean
|
0-0: Called Strike 0-1: Ball 1-1: Ball 2-1: Ground out 5-3 (Groundball, 56, EV 84.4 MPH)
|
|
Batting: LHB Michael Byrd
|
0-0: Ball 1-0: Ball 2-0: Called Strike 2-1: Called Strike 2-2: Strikes out swinging
|
|
Batting: RHB Kirk Arp
|
0-0: Foul Ball, location: 2F 0-1: Fly out, F7 (Flyball, 78M, EV 87.5 MPH)
|
| Bottom of the 5th over - 0 runs, 0 hits, 0 errors, 0 left on base; Detroit 0 - Toronto 1 |
| TOP OF THE 6TH |
|
Detroit Tigers batting - Pitching for Toronto Blue Jays : RHP Matt Altieri
|
|
Batting: LHB Frank McConnell
|
0-0: Foul Ball, location: 2F 0-1: Ball 1-1: Foul Ball, location: 2F 1-2: Ball 2-2: SINGLE (Groundball, 56D, EV 105.6 MPH)
|
|
Batting: LHB Tyler Davis
|
0-0: Ball 1-0: SINGLE (Line Drive, 9LM, EV 103.1 MPH) Frank McConnell to second
|
|
Batting: RHB Chris Wheatley
|
0-0: Foul Ball, location: 2F 0-1: Ball 1-1: SINGLE (Groundball, 56S, EV 66.9 MPH) (infield hit) Frank McConnell to third Tyler Davis to second
|
|
Batting: SHB Ross Holland
|
0-0: Ball 1-0: Ball 2-0: Fly out, F7 (Flyball, 78M, EV 88.8 MPH)
|
|
Batting: LHB Conrad Taylor
|
0-0: Called Strike 0-1: Ball 1-1: Ball 2-1: Swinging Strike 2-2: Strikes out looking
|
|
Batting: RHB Adrian Novakovic
|
0-0: Foul Ball, location: 2F 0-1: Ball 1-1: Swinging Strike 1-2: Foul Ball, location: 2F 1-2: Ball 2-2: Fielders Choice at 2nd, 5-4 (Groundball, 56, EV 106.9 MPH)
|
| Top of the 6th over - 0 runs, 3 hits, 0 errors, 3 left on base; Detroit 0 - Toronto 1 |
| BOTTOM OF THE 6TH |
|
Toronto Blue Jays batting - Pitching for Detroit Tigers : RHP Eric Putnam
|
|
Batting: LHB Jon Schick
|
0-0: Ball 1-0: Fly out, F9 (Line Drive, 89S, EV 91.2 MPH)
|
|
Batting: RHB Donny Burnside
|
0-0: Ball 1-0: SINGLE (Groundball, 34D, EV 103.8 MPH)
|
|
Batting: RHB Danny Burnside
|
0-0: Called Strike Donny Burnside is caught stealing 2nd base 2-4 0-1: Bunt for hit to 3S - play at first, batter safe!
|
|
Batting: SHB Zory Larikov
|
0-0: Called Strike Danny Burnside steals 2nd base 0-1: Swinging Strike 0-2: Ball 1-2: Strikes out swinging
|
| Bottom of the 6th over - 0 runs, 2 hits, 0 errors, 1 left on base; Detroit 0 - Toronto 1 |
| TOP OF THE 7TH |
|
Detroit Tigers batting - Pitching for Toronto Blue Jays : RHP Matt Altieri
|
|
Pitching: RHP Hoof Harted
|
|
|
Batting: RHB Dan Friess
|
0-0: Ball 1-0: Ball 2-0: Called Strike 2-1: DOUBLE (Line Drive, 5D, EV 102.5 MPH)
|
|
Batting: RHB Rich Stinson
|
0-0: Swinging Strike 0-1: Foul Ball, location: 2F 0-2: Strikes out swinging
|
|
Batting: SHB Adam Weber
|
0-0: Ball 1-0: Ground out U3 (Groundball, 3S, EV 90.6 MPH) Dan Friess to third
|
|
Batting: LHB Frank McConnell
|
0-0: Ball 1-0: Foul Ball, location: 2F 1-1: Swinging Strike 1-2: Ball 2-2: Ball 3-2: Strikes out looking
|
| Top of the 7th over - 0 runs, 1 hit, 0 errors, 1 left on base; Detroit 0 - Toronto 1 |
| BOTTOM OF THE 7TH |
|
Toronto Blue Jays batting - Pitching for Detroit Tigers : RHP Eric Putnam
|
|
Batting: LHB Willis Robles
|
0-0: Called Strike 0-1: Swinging Strike 0-2: Foul Ball, location: 2F 0-2: Strikes out swinging
|
|
Batting: SHB Mark Rennie
|
0-0: Ball 1-0: SINGLE (Groundball, 34S, EV 80.0 MPH) (infield hit)
|
|
Batting: LHB Nate Dean
|
0-0: Called Strike 0-1: Ball 1-1: Foul Ball, location: 2F 1-2: Ball 2-2: Foul Ball, location: 2F 2-2: Fly out, F7 (Flyball, 7D, EV 78.8 MPH)
|
|
Batting: LHB Michael Byrd
|
0-0: Called Strike 0-1: Called Strike 0-2: Foul Ball, location: 2F 0-2: Strikes out swinging
|
| Bottom of the 7th over - 0 runs, 1 hit, 0 errors, 1 left on base; Detroit 0 - Toronto 1 |
| TOP OF THE 8TH |
|
Detroit Tigers batting - Pitching for Toronto Blue Jays : RHP Hoof Harted
|
|
Now at SS: Brock Van Gilder
|
|
|
Batting: LHB Tyler Davis
|
0-0: Ball 1-0: Called Strike 1-1: Ball 2-1: Foul Ball, location: 2F 2-2: Ball 3-2: Fly out, F7 (Flyball, 78D, EV 94.4 MPH)
|
|
Batting: RHB Chris Wheatley
|
0-0: Ball 1-0: Called Strike 1-1: Ball 2-1: Fly out, F8 (Flyball, 8RS, EV 85.6 MPH)
|
|
Batting: SHB Ross Holland
|
0-0: Called Strike 0-1: Swinging Strike 0-2: Foul Ball, location: 2F 0-2: Strikes out swinging, 2-3 out at first.
|
| Top of the 8th over - 0 runs, 0 hits, 0 errors, 0 left on base; Detroit 0 - Toronto 1 |
| BOTTOM OF THE 8TH |
|
Toronto Blue Jays batting - Pitching for Detroit Tigers : RHP Eric Putnam
|
|
Batting: RHB Kirk Arp
|
0-0: Ball 1-0: Ball 2-0: Ball 3-0: Foul Ball, location: 2F 3-1: Ground out 4-3 (Groundball, 4, EV 82.5 MPH)
|
|
Pitching: RHP Steve McGaughey
|
|
|
Batting: LHB Jon Schick
|
0-0: Called Strike 0-1: Swinging Strike 0-2: Ball 1-2: Ball 2-2: Foul Ball, location: 2F 2-2: Strikes out swinging
|
|
Batting: RHB Donny Burnside
|
0-0: Swinging Strike 0-1: Foul Ball, location: 2F 0-2: DOUBLE (Line Drive, 78D, EV 101.2 MPH)
|
|
Batting: RHB Danny Burnside
|
0-0: Ball 1-0: Ball 2-0: Called Strike 2-1: Swinging Strike 2-2: Ball 3-2: DOUBLE (Line Drive, 5D, EV 97.5 MPH) Donny Burnside scores
|
|
Batting: SHB Zory Larikov
|
0-0: Called Strike Danny Burnside steals 3rd base 0-1: Fly out, F6 (Popup, 15S, EV 81.9 MPH)
|
| Bottom of the 8th over - 1 run, 2 hits, 0 errors, 1 left on base; Detroit 0 - Toronto 2 |
| TOP OF THE 9TH |
|
Detroit Tigers batting - Pitching for Toronto Blue Jays : RHP Hoof Harted
|
|
Batting: LHB Conrad Taylor
|
0-0: Swinging Strike 0-1: Ground out 1-3 (Groundball, 13S, EV 71.2 MPH)
|
|
Batting: RHB Adrian Novakovic
|
0-0: Called Strike 0-1: Called Strike 0-2: Ball 1-2: Ball 2-2: Ground out 6-3 (Groundball, 6, EV 101.9 MPH)
|
|
Batting: RHB Dan Friess
|
0-0: Called Strike 0-1: Ball 1-1: Ball 2-1: Ball 3-1: Called Strike 3-2: Ground out 6-3 (Groundball, 6MD, EV 93.8 MPH)
|
| Top of the 9th over - 0 runs, 0 hits, 0 errors, 0 left on base; Detroit 0 - Toronto 2 |
|